 Dungeon Crawl Stone Soup version 0.18.1-48-g4cf74bf (webtiles) character file.

4214 WarriorsX the Fighter (level 10, 0/80 HPs)
             Began as a Human Fighter on July 27, 2016.
             Killed by divine providence
             ... invoked by an orc priest
              (11 damage)
             ... on level 6 of the Dungeon.
             The game lasted 00:49:13 (8751 turns).

WarriorsX the Fighter (Human Fighter)               Turns: 8751, Time: 00:49:13

Health: 0/80       AC: 17    Str: 20    XL:     10   Next: 54%
Magic:  18/18      EV:  6    Int:  8    God:
Gold:   306        SH: 13    Dex: 13    Spells: 0 memorised, 20 levels left

rFire  x . .     SeeInvis .     R - +3 short sword (protect) (curse)
rCold  + . .     Gourm    .     q - +0 chain mail
rNeg   . . .     Faith    .     c - +0 shield
rPois  .         Spirit   .     b - +1 helmet
rElec  .         Dismiss  .     n - +0 cloak
rCorr  .         Reflect  +     (no gloves)
SustAt .         Harm     .     (no boots)
MR     .....                    M - +3 amulet of reflection
Stlth  ..........               (no ring)
                                C - ring of ice

@: heavily drained, not resistant to hostile enchantments, extremely unstealthy
A: no striking features
a: no special abilities


You were on level 6 of the Dungeon.
You were near starving.

You visited 2 branches of the dungeon, and saw 10 of its levels.

You collected 317 gold pieces.
You spent 11 gold pieces at shops.

Inventory:

Hand Weapons
 a - a +0 long sword
 u - a +1 flail of protection
 G - the +7 scythe "Gufi Res" {drain, rElec SInv Stlth+}
   (You found it on level 8 of the Dungeon)

   A truly terrible weapon, it drains the life of those it strikes.
   It insulates you from electricity.
   It lets you see invisible.
   It makes you more stealthy.
 I - a +1 antimagic rapier
 N - the +8 mace of Dytz {crush, rN+}
   (You found it on level 7 of the Dungeon)

   It inflicts extra damage upon your enemies.
   It protects you from negative energy.
 R - a cursed +3 short sword of protection (weapon)
Armour
 b - a +1 helmet (worn)
 c - a +0 shield (worn)
 n - a +0 cloak (worn)
 q - a +0 chain mail (worn)
Jewellery
 C - a ring of ice (left hand)
 F - an uncursed ring of resist corrosion {unknown}
 M - a +3 amulet of reflection (around neck)
 O - an uncursed amulet of faith
Wands
 t - a wand of digging (24/24)
 w - a wand of lightning (5/15)
 E - a wand of polymorph (9/24)
 J - a wand of digging (1/24)
 P - a wand of slowing (18/48)
Scrolls
 e - 2 scrolls of remove curse
 o - 2 scrolls of fog
 r - 2 scrolls of identify
 y - 2 scrolls of random uselessness
 A - a scroll of noise
 B - a scroll of amnesia
 H - a scroll of teleportation
 Q - a scroll of recharging
Potions
 i - 2 potions of lignification {unknown}
 j - 3 potions of degeneration
 k - 3 potions of haste {unknown}
 l - 4 potions of invisibility {unknown}
 m - 2 potions of flight {unknown}
 p - a potion of curing
 z - a potion of mutation
 D - a potion of heal wounds {unknown}
 K - a potion of brilliance
 L - 2 potions of magic {unknown}
Comestibles
 f - 9 bread rations
 g - 2 fruits
 s - a beef jerky
 x - 3 meat rations


   Skills:
 - Level 8.0(5.9) Fighting
 + Level 1.0(0.0) Short Blades
 - Level 2.0(0.4) Long Blades
 - Level 5.0(3.1) Maces & Flails
 - Level 0.2(0.0) Polearms
 - Level 0.6(0.0) Throwing
 - Level 5.1(3.2) Armour
 - Level 5.0(3.1) Dodging
 - Level 2.0(0.3) Stealth
 - Level 6.3(4.4) Shields
 - Level 0.8(0.0) Unarmed Combat
 - Level 5.8(3.9) Spellcasting
 * Level 1.8(0.1) Evocations


You had 20 spell levels left.
You didn't know any spells.

Dungeon Overview and Level Annotations

Branches:
Dungeon (9/15)             Temple (1/1) D:4
   Lair: D:8-11         Orc: D:9-12

Altars:
Ashenzari
Cheibriados
Dithmenos
Elyvilon
Fedhas
Gozag
Kikubaaqudgha
Makhleb
Nemelex Xobeh
Okawaru
Pakellas
Qazlal
Ru
Sif Muna
Trog
Vehumet
Xom
Yredelemnul
Zin
The Shining One

Shops:
D:6 !   D:8 [


Message History

You block the orc warrior's attack.
You hit the orc warrior but do no damage.
You closely miss the orc warrior.
The orc warrior hits you with a halberd!
* * * LOW HITPOINT WARNING * * *
You closely miss the orc warrior. You block the orc warrior's attack.
The orc priest casts a cantrip, but nothing happens.
You hit the orc warrior but do no damage.
You block the orc warrior's attack.
Drink which item? (? for menu, Esc to quit)
You feel better.
The orc warrior hits you with a halberd.
* * * LOW HITPOINT WARNING * * *
You hit the orc warrior but do no damage.
You block the orc warrior's attack.
You completely miss the orc warrior. You block the orc warrior's attack.
You completely miss the orc warrior. You block the orc warrior's attack.
The orc priest mumbles some strange prayers to Beogh against you.
Beogh smites you!
You die...

.....# #.#############..#..
.....# #.#.................
#'######## #.#.#######....###..
#........# #.#.................
########.# #.#....####..#######
#.....# #.#....#..#.P#).#)..
#.##### #.#.#..#..#..#..#(.. #.#
#.#.#..##'#.P##'#.)) #.#
#.#@#...........##'#
#.#########.#o#.........⌠.....
#.##.....>..#o#.#'##'##.......
#.##.#######.o..#).#..#####..#
####'##.#...o......#..#..#...#..#
...................#######..)'.P#
......###.######+#....P.P#####..#
........<........#...............
######.........###..#############


You could see an orc warrior, an orc priest and an orc.

Vanquished Creatures
  Pikel (D:8)
  The ghost of Galewind the Magician, an amateur DECj (D:4)
  A wyvern (D:8)
  A steam dragon (D:7)
  5 yaks (D:9)
  A hippogriff (D:7)
  An ice beast (D:8)
  2 orc warriors (D:7)
  4 slaves (D:7)
  A sky beast (D:5)
  A black bear (D:7)
  A wasp (D:8)
  Purgy (D:2)
  2 phantoms
  A necrophage (D:5)
  2 centaurs
  2 ogres
  2 wights (D:9)
  A howler monkey (D:5)
  A jelly (D:7)
  2 crimson imps
  A quasit (D:8)
  3 hounds
  3 orc priests
  10 orc wizards
  3 worker ants
  A hound skeleton (D:7)
  A worker ant zombie (D:5)
  10 adders
  11 gnolls
  A shadow imp (D:3)
  2 oozes
  5 adder skeletons
  6 worms
  5 dart slugs
  5 giant geckos
  39 orcs
  7 bats
  7 giant cockroaches
  11 goblins
  8 hobgoblins
  5 jackals
  6 kobolds
  3 quokkas
  A giant gecko skeleton (D:4)
  A giant newt (D:4)
  7 rats
  A fungus (D:7)
197 creatures vanquished.

Vanquished Creatures (others)
  An orc (D:7)
  5 fungi (D:7)
6 creatures vanquished.

Grand Total: 203 creatures vanquished

Notes
Turn   | Place    | Note
--------------------------------------------------------------
     0 | D:1      | WarriorsX the Human Fighter began the quest for the Orb.
     0 | D:1      | Reached XP level 1. HP: 18/18 MP: 1/1
   158 | D:1      | Reached XP level 2. HP: 20/24 MP: 2/2
   436 | D:2      | Reached skill level 4 in Fighting
   436 | D:2      | Reached XP level 3. HP: 10/30 MP: 3/3
   713 | D:2      | Found an iron altar of Okawaru.
   828 | D:2      | Reached XP level 4. HP: 37/38 MP: 4/4
   901 | D:2      | Found a faded altar to an unknown god.
   920 | D:2      | Reached skill level 1 in Stealth
  1385 | D:2      | Reached skill level 5 in Fighting
  1385 | D:2      | Reached XP level 5. HP: 34/44 MP: 5/5
  1864 | D:3      | Noticed Purgy
  2262 | D:2      | Killed Purgy
  2262 | D:2      | Reached skill level 6 in Fighting
  2262 | D:2      | Reached XP level 6. HP: 31/52 MP: 6/6
  2766 | D:3      | Reached XP level 7. HP: 49/58 MP: 7/7
  2906 | D:4      | Found an opulent altar of Gozag.
  3086 | D:4      | Reached skill level 5 in Armour
  3181 | D:4      | Reached skill level 1 in Maces & Flails
  3319 | D:4      | Found a staircase to the Ecumenical Temple.
  3363 | Temple   | Entered the Ecumenical Temple
  3663 | D:4      | Noticed Galewind's ghost (amateur DECj)
  3680 | D:4      | Killed Galewind's ghost
  3680 | D:4      | Reached XP level 8. HP: 59/64 MP: 8/8
  3832 | D:5      | Entered Level 5 of the Dungeon
  3994 | D:5      | Reached skill level 5 in Maces & Flails
  4072 | D:5      | Reached skill level 1 in Dodging
  4122 | D:5      | Found a deep blue altar of Sif Muna.
  4663 | D:5      | Found an oddly glowing altar of Pakellas.
  5049 | D:6      | Found Lifac's Distillery.
  5086 | D:6      | Bought a potion of degeneration for 11 gold pieces
  5533 | D:7      | Reached skill level 5 in Dodging
  5533 | D:7      | Reached XP level 9. HP: 57/69 MP: 3/9
  5606 | D:7      | Noticed Pikel
  6032 | D:7      | Reached skill level 7 in Fighting
  6243 | D:7      | Got a shimmering mace
  6244 | D:7      | Identified the +8 mace of Dytz {crush, rN+} (You found it on level 7 of the Dungeon)
  6352 | D:7      | Reached skill level 8 in Fighting
  6544 | D:7      | Found a blossoming altar of Fedhas.
  6553 | D:7      | Found a radiant altar of Vehumet.
  6580 | D:7      | Found a shattered altar of Ashenzari.
  6596 | D:7      | Found an oddly glowing altar of Pakellas.
  6665 | D:7      | Found a glowing golden altar of the Shining One.
  6845 | D:8      | Paralysed by a wasp for 1 turns
  6850 | D:8      | Reached skill level 5 in Shields
  7214 | D:8      | Killed Pikel
  7214 | D:8      | Reached XP level 10. HP: 59/80 MP: 9/15
  7430 | D:8      | Found Ruosuogo's Antique Armour Shop.
  7510 | D:8      | Noticed a death knight
  7527 | D:8      | Got a crystal scythe
  7668 | D:9      | Identified the +7 scythe "Gufi Res" {drain, rElec SInv Stlth+} (You found it on level 8 of the Dungeon)
  7711 | D:9      | Reached skill level 5 in Spellcasting
  7757 | D:9      | Reached skill level 1 in Short Blades
  8043 | D:9      | Reached skill level 1 in Evocations
  8745 | D:6      | HP: 4/80 [orc warrior/halberd (12)]
  8751 | D:6      | Killed from afar by an orc priest

Skill      XL: |  1  2  3  4  5  6  7  8  9 10 |
---------------+-------------------------------+-----
Fighting       | 4 5 6 8 |  8.0
Stealth        | 1 2 |  2.0
Armour         | 4 5 |  5.1
Maces & Flails | 4 5 |  5.0
Dodging        | 5 |  5.0
Shields        | 6 |  6.3
Spellcasting   | 3 5 |  5.8
Short Blades   | 1 |  1.0
Evocations     | 1 |  1.8
Long Blades    | |  2.0
Polearms       | |  0.2
Throwing       | |  0.6
Unarmed Combat | |  0.8

Action                   |  1- 3 |  4- 6 |  7- 9 | 10-12 || total
-------------------------+-------+-------+-------+-------++-------
Melee: Long sword        |    85 |   195 |    11 |       ||   291
       Flail             |       |       |   447 |    81 ||   528
       Mace              |       |       |    82 |    33 ||   115
       Short sword       |       |       |       |    67 ||    67
Evoke: Wand              |       |       |     2 |     1 ||     3
  Use: Scroll            |       |       |    15 |     3 ||    18
       Potion            |       |       |     1 |     4 ||     5
  Eat: Chunk             |       |     6 |    16 |     3 ||    25
Armor: Scale mail        |    38 |    13 |       |       ||    51
       Chain mail        |       |   186 |   390 |   102 ||   678
Dodge: Dodged            |    46 |    85 |   242 |    66 ||   439
Block: Shield            |       |       |    50 |   186 ||   236
       Reflection        |       |       |     1 |       ||     1
